 Dungeon Crawl Stone Soup version 0.20.1-1-g8b1a95d66d (webtiles) character file.

606 Popi the Slasher (level 7, -3/54 HPs)
             Began as a Human Fighter on Dec 18, 2017.
             Slain by Duvessa
             ... wielding a +0 short sword
              (11 damage)
             ... on level 3 of the Dungeon.
             The game lasted 00:05:06 (2863 turns).

Popi the Slasher (Human Fighter)                    Turns: 2863, Time: 00:05:07

Health: -3/54      AC:  7    Str: 17 (19) XL:     7   Next: 71%
Magic:  7/7        EV: 10    Int:  6 (8)  God:
Gold:   163        SH:  2    Dex: 11 (12) Spells: 6/6 levels left

rFire    . . .     SeeInvis .   a - +0 long sword
rCold    . . .     Gourm    .   (no shield)
rNeg     . . .     Faith    .   b - +0 scale mail
rPois    .         Spirit   .   (no helmet)
rElec    .         Reflect  +   (no cloak)
rCorr    .         Harm     .   (no gloves)
MR       .....                  (no boots)
Stlth    ..........             m - +2 amulet of reflection
Regen    0.2/turn               (no ring)
MPRegen  0.1/turn               (no ring)

@: no status effects
A: no striking features
a: no special abilities


You were on level 3 of the Dungeon.
You were hungry.

You visited 1 branch of the dungeon, and saw 4 of its levels.

You collected 163 gold pieces.

Inventory:

Hand Weapons
 a - a +0 long sword (weapon)
Armour
 b - a +0 scale mail (worn)
 t - a +0 troll leather armour {Purgy}
Jewellery
 h - an uncursed amulet of rage
 m - a +2 amulet of reflection (around neck)
 o - an uncursed ring of protection from cold {unknown}
 q - an uncursed ring of ice
Wands
 n - a wand of confusion (6/48)
 p - a wand of random effects (18/48)
Scrolls
 c - 6 scrolls of identify
 k - a scroll of fear {unknown}
 r - 2 scrolls of blinking
Potions
 d - 3 potions of might
 e - a potion of haste
 g - a potion of brilliance
 j - a potion of agility
 s - a potion of curing
 u - a potion of heal wounds
 v - a potion of flight {unknown}
Comestibles
 f - 4 bread rations
 i - 3 fruits
 l - a meat ration


   Skills:
 + Level 4.1 Fighting
 + Level 5.6 Long Blades
 + Level 4.7 Armour
 * Level 2.7 Dodging
   Level 3.0 Shields


You had 6 spell levels left.
You didn't know any spells.

Dungeon Overview and Level Annotations

Branches:
Dungeon (4/15)
 Temple: D:4-7

Altars:
Qazlal

Annotations:
D:3 Dowan, Duvessa


Message History

You hit Duvessa.
Duvessa is heavily wounded.
Duvessa barely misses you.
You riposte.
You slash Duvessa!
Duvessa is severely wounded.
Duvessa hits you but does no damage.
You barely miss Duvessa.
Duvessa is severely wounded.
Duvessa hits you but does no damage.
You hit Duvessa.
Duvessa is severely wounded.
Duvessa hits you with a short sword.
* * * LOW HITPOINT WARNING * * *
Duvessa closely misses you.
You riposte.
You hit Duvessa.
Duvessa is almost dead.
You hit Duvessa but do no damage.
Duvessa is almost dead.
Duvessa hits you with a short sword.
* * * LOW HITPOINT WARNING * * *
Duvessa hits you with a short sword!
You die...

#####........###.#.#.#.#.#.#.#.#.
#.............[#.#.#.#.#.#.#.#.#
####..#.##..#.#.#.#.#.#.#.#.#.#.
## #..#.##..#..#.#.#.#.#.#.#)#.#
.# #..#.......#.#.#.#.#.#.#.#.#.
.####..####..#..#.#.#.#.#.#.#.#.#
...............#.#.#.#.#.#.#.#.#.
.#.##.####......#.#.#.#.#.#.#.#.#
.#.##..........#@#.#.#.#.#.#.#.#.
..............>e#.#.#.#.#.#.#.#.#
.#.##.####..##.#.#.#.#.#.#.#.#.#.
............##..#.#.#.#.#.#.#.#.#
##.##.####.....#.#.#.#.#.#.#.#.#.
#.#........##..#.#.#.#.#.#.#.#.#
##.#...........#.#.#.#.#.#.#.#.#.
............##..#.#.#.#.#.#.#.#.#
...............#.#.#.#.#.#.#.#.#.


You could see Duvessa.

Vanquished Creatures
  Grinder (D:3)
  Sigmund (D:2)
  Purgy (D:3)
  Ijyb (D:3)
  Terence (D:3)
  2 adders
  A worm (D:3)
  2 dart slugs
  A leopard gecko (D:3)
  6 bats
  2 giant cockroaches (D:1)
  6 goblins
  11 hobgoblins
  7 jackals
  2 quokkas
  2 frilled lizards (D:1)
  6 kobolds
  5 rats
58 creatures vanquished.

Notes
Turn   | Place    | Note
-------+----------+-------------------------------------------
     0 | D:1      | Popi the Human Fighter began the quest for the Orb.
     0 | D:1      | Reached XP level 1. HP: 18/18 MP: 1/1
   163 | D:1      | Reached XP level 2. HP: 24/24 MP: 2/2
   218 | D:1      | Reached XP level 3. HP: 9/29 MP: 3/3
  1204 | D:2      | Reached XP level 4. HP: 32/35 MP: 4/4
  1340 | D:2      | Noticed Sigmund
  1371 | D:2      | Killed Sigmund
  1371 | D:2      | Reached skill level 4 in Long Blades
  1371 | D:2      | Reached skill level 1 in Dodging
  1371 | D:2      | Reached XP level 5. HP: 13/41 MP: 5/5
  1371 | D:2      | Reached XP level 6. HP: 15/47 MP: 6/6
  1758 | D:3      | Noticed Terence
  1765 | D:3      | Killed Terence
  1813 | D:3      | Noticed Grinder
  1815 | D:3      | Paralysed by Grinder for 6 turns
  1832 | D:3      | Killed Grinder
  1832 | D:3      | Reached skill level 5 in Long Blades
  1832 | D:3      | Reached XP level 7. HP: 33/53 MP: 7/7
  1857 | D:3      | Noticed Purgy
  1875 | D:3      | Killed Purgy
  2273 | D:3      | Noticed Ijyb
  2299 | D:3      | Killed Ijyb
  2549 | D:3      | Found a stormy altar of Qazlal.
  2840 | D:4      | Noticed Duvessa
  2840 | D:4      | Noticed Dowan
  2863 | D:3      | Slain by Duvessa

Skill      XL: |  1  2  3  4  5  6  7 |
---------------+----------------------+-----
Long Blades    | 4 5 |  5.6
Armour         | 4 |  4.7
Dodging        | 1 2 |  2.7
Fighting       | 4 |  4.1
Shields        | |  3.0

Action                   |  1- 3 |  4- 6 |  7- 9 || total
-------------------------+-------+-------+-------++-------
Melee: Long sword        |   101 |    58 |    65 ||   224
  Use: Potion            |       |       |     5 ||     5
       Scroll            |       |       |     3 ||     3
  Eat: Chunk             |     1 |     2 |     3 ||     6
Armor: Scale mail        |    59 |    13 |    52 ||   124
Dodge: Dodged            |    63 |    31 |    49 ||   143
Block: Other             |       |       |     6 ||     6
       Rpst.: Long sword |    17 |    14 |    13 ||    44
